 Dungeon Crawl Stone Soup version 0.29-a0-1006-g0dd7720b37 (webtiles) character file.

Game seed: 13596905675573030920

203 Sobieck the Sneak (level 5, -4/27 HPs)
             Began as a Vine Stalker Fighter on Aug 6, 2022.
             Slain by a gnoll
             ... wielding a +0 quarterstaff
              (7 damage)
             ... on level 3 of the Dungeon.
             The game lasted 00:05:57 (2585 turns).

Sobieck the Sneak (Vine Stalker Fighter)            Turns: 2585, Time: 00:05:58

Health: -4/27      AC:  6    Str: 24    XL:     5   Next: 81%
Magic:  0/6        EV:  9    Int:  8    God:
Gold:   193        SH:  5    Dex: 16    Spells: 4/4 levels left

rFire   . . .      SeeInvis .   a - +0 rapier {short}
rCold   . . .      Faith    .   c - +0 buckler
rNeg    . . .      Spirit   +   j - +0 scale mail
rPois   .          Reflect  .   (no helmet)
rElec   .          Harm     .   (no cloak)
rCorr   .          Rampage  .   (no gloves)
Will    .....                   (no boots)
Stlth   ++........              (no amulet)
HPRegen 0.89/turn               v - +6 ring of strength
MPRegen 0.10/turn               (no ring)

@: no status effects
A: fangs 2, regeneration 1, magic shield, antimagic bite, no potion heal 2
a: no special abilities


You were on level 3 of the Dungeon.
You visited 1 branch of the dungeon, and saw 4 of its levels.

You collected 193 gold pieces.


Innate Abilities, Weirdness & Mutations

You have extremely sharp teeth.
Your natural rate of healing is unusually fast.
When hurt, damage is shared between your health and your magic reserves.
Your bite disrupts and absorbs the magic of your enemies.
Potions cannot restore your health.


   Skills:
 - Level 2.6 Fighting
 + Level 3.9 Short Blades
 - Level 2.4 Armour
 + Level 4.8 Stealth
 - Level 2.6 Shields


You had 4 spell levels left.
You didn't know any spells.
Your spell library was empty.

Inventory:

Hand Weapons
 a - a +0 rapier (weapon) {short}
 b - a +0 sling
   (You found it on level 1 of the Dungeon)
Missiles
 g - 36 stones (quivered) {throwing}
 i - 3 poisoned darts {throwing}
Armour
 c - a +0 buckler (worn)
 f - a +0 leather armour
   (You found it on level 1 of the Dungeon)
 j - a +0 scale mail (worn)
 p - a +0 ring mail
   (You found it on level 2 of the Dungeon)
 u - a +0 ring mail
   (You found it on level 3 of the Dungeon)
Jewellery
 t - a ring of fire
   (You found it on level 3 of the Dungeon)
 v - a +6 ring of strength (left hand)
   (You found it on level 3 of the Dungeon)
Wands
 s - a wand of iceblast (12)
   (You found it on level 3 of the Dungeon)
Scrolls
 k - 2 scrolls of teleportation {@r4}
 m - a scroll of torment {!r}
 r - 2 scrolls of poison {!r}
Potions
 d - a potion of might
 e - 2 potions of attraction {!q}
 n - 2 potions of brilliance
 o - 3 potions of curing {@q1}
 q - a potion of lignification {!q}
 x - a potion of haste {@q3}
 z - a potion of magic
 B - a potion of degeneration {unknown}

Dungeon Overview and Level Annotations

Branches:
Dungeon (4/15) Zot: 21378
 Temple: D:4-7

Altars:
Kikubaaqudgha
Sif Muna
Wu Jian

##....####.##.##...# #.##..##.#
##....+.##.##..#.#.# ###.#♣..♣#.#
##....#'##.###.#.#.# #.'........'
#........#.#.......# #.'........†
.........'.#.#.#.### #.#.#♣..♣#.#
######...###.#...#####.#.##..##.#
.....#...# #.##........#........#
.....#...# #.##.....#######''####
.._..'...# #....@................
.....#.### #####.g...............
.....#...# #.............####
######...# #.............#
.........# #.............#
##.......# #.............## #
#.......# #..............###
#.......# ##................
#.......# #.....#######....


You could see a gnoll.


Message History

You shoot a sling bullet.
The sling bullet closely misses the orc.
You shoot a sling bullet. The sling bullet hits the orc!
You kill the orc!
Your butterfly disappears in a burst of colours!
Unknown command.
Your butterfly disappears in a burst of colours! x3
Things that are here:
a +0 short sword {short}; an orc corpse
Things that are here:
a +0 hand axe {axe}; an orc corpse Unknown command.
Unknown command.
Your butterfly disappears in a burst of colours!
Your butterfly disappears in a burst of colours!
Your butterfly disappears in a burst of colours!
You now have 187 gold pieces (gained 14).
Your butterfly disappears in a burst of colours!
Your butterfly disappears in a burst of colours!
You now have 193 gold pieces (gained 6).
Unknown command.
Things that are here:
a +0 hand axe {axe}; an orc corpse
Things that are here:
a +0 short sword {short}; an orc corpse
g - 36 stones {throwing} (gained 2)
Things that are here:
a +0 dagger {short}; a kobold corpse
Found an ancient bone altar of Kikubaaqudgha.
Found an escape hatch in the floor.
Unknown command.
A gnoll comes into view. It is wielding a +0 halberd.
Danger!
You shoot a sling bullet.
The sling bullet closely misses the gnoll.
The gnoll shouts!
You hear a shout!
A gnoll comes into view. It is wielding a +0 quarterstaff.
You shoot a sling bullet. The gnoll shouts!
The sling bullet hits the gnoll but does no damage.
The gnoll throws a throwing net.
You block the throwing net.
You shoot a sling bullet. The sling bullet hits the gnoll.
A gnoll comes into view. It is wielding a +0 halberd.
Unknown command.
Unknown command.
Unknown command.
Danger!
You shoot a sling bullet.
The sling bullet barely misses the gnoll.
The gnoll barely misses you.
You shoot a sling bullet.
The sling bullet barely misses the gnoll.
The sling bullet hits the gnoll but does no damage.
The gnoll hits you from afar with a +0 halberd.
The gnoll barely misses you.
a - a +0 rapier (weapon)
{short} You barely miss the gnoll.
The gnoll hits you from afar with a +0 halberd!
You block the gnoll's attack.
You are too injured to fight recklessly!
You are too injured to fight recklessly!
You are too injured to fight recklessly!
Unknown command.
The gnoll attacks as you move away!
The gnoll hits you with a +0 quarterstaff!
* * * LOW HITPOINT WARNING * * *
Things that are here:
a +0 dagger {short}; a kobold corpse
There is a stone staircase leading up here.
Unknown command.
You climb upwards.
There is a stone staircase leading down here.
Unknown command.
You see here a +0 dagger {short}.
There is a stone staircase leading down here.
Unknown command.
You start waiting.
Done waiting.
Unknown command.
You climb downwards.
The gnoll barely misses you.
There is a stone staircase leading up here.
Danger!
Unknown command.
Unknown command.
The gnoll closely misses you.
The gnoll hits you from afar with a +0 halberd!
The gnoll hits you from afar with a +0 halberd!
* * * LOW HITPOINT WARNING * * *
The gnoll hits you but does no damage.
The gnoll hits you with a +0 quarterstaff.
* * * LOW HITPOINT WARNING * * *
You climb upwards.
There is a stone staircase leading down here.
Unknown command.
You hit the gnoll but do no damage.
The gnoll hits you with a +0 quarterstaff.
* * * LOW HITPOINT WARNING * * *
You hit the gnoll.
The gnoll hits you with a +0 quarterstaff!
You die...

Skill      XL: |  1  2  3  4 |
---------------+-------------+-----
Short Blades   | 2 3 |  3.9
Stealth        | 1 2 3 4 |  4.8
Fighting       | |  2.6
Armour         | |  2.4
Shields        | |  2.6

Action                   |  1- 3 |  4- 6 || total
-------------------------+-------+-------++-------
Melee: Rapier            |    59 |    77 ||   136
       Bite              |    14 |    14 ||    28
 Fire: Sling             |    24 |    54 ||    78
  Use: Scroll            |       |    13 ||    13
Armor: Scale mail        |    26 |    28 ||    54
Dodge: Dodged            |    23 |    42 ||    65
Block: Buckler           |    17 |    18 ||    35

Levels and vault maps discovered:
D:1:      dpeg_arrival_ternary, layout_loops_cross,
          ebering_ecumenical_altar_petrified, corexii_corridor_pit
D:2:      layout_basic, basic_altar, minmay_puff
D:3:      layout_basic, amcnicky_altar_gilded, grunt_decor_resistance,
          reono_crystal_passage, corexii_corridor_pit, kennysheep_generic_room_5
D:4:      layout_gridville, general_overflow_altar,
          mainiacjoe_overflow_boulevard, mainiacjoe_overflow_brackets,
          lemuel_round_altar, mainiacjoe_overflow_catwalk_spiral

Notes
Turn   | Place    | Note
-------+----------+-------------------------------------------
     0 | D:1      | Sobieck the Vine Stalker Fighter began the quest for the
                  | Orb.
     0 | D:1      | Reached XP level 1. HP: 11/11 MP: 2/2
   177 | D:1      | Reached skill level 2 in Short Blades
   177 | D:1      | Reached skill level 1 in Stealth
   220 | D:1      | Reached XP level 2. HP: 15/16 MP: 3/3
   509 | D:1      | Reached skill level 2 in Stealth
   579 | D:1      | Reached XP level 3. HP: 19/19 MP: 4/4
   696 | D:1      | Found a faded altar of an unknown god.
   986 | D:2      | Reached skill level 3 in Stealth
   986 | D:2      | Gained mutation: Your natural rate of healing is unusually
                  | fast. [Vine Stalker growth]
   986 | D:2      | Reached XP level 4. HP: 16/23 MP: 5/5
  1037 | D:2      | Reached skill level 3 in Short Blades
  1217 | D:2      | Found a shimmering blue altar of Sif Muna.
  1504 | D:2      | Reached skill level 4 in Stealth
  1504 | D:2      | Reached XP level 5. HP: 25/27 MP: 6/6
  1912 | D:3      | Found an ornate altar of the Wu Jian Council.
  2418 | D:4      | Found an ancient bone altar of Kikubaaqudgha.
  2582 | D:4      | HP: 4/27 [gnoll/+0 halberd (12)]
  2582 | D:4      | HP: 1/27 [gnoll/+0 quarterstaff (3)]
  2585 | D:3      | Slain by a gnoll

Vanquished Creatures
  A scorpion (D:3)
  7 adders (D:2)
  A worm (D:2)
  7 dart slugs
  3 orcs
  4 bats
  9 endoplasms
  A giant cockroach (D:2)
  8 goblins
  6 hobgoblins
  2 jackals (D:3)
  3 kobolds
  3 ball pythons
  5 frilled lizards
  6 rats
66 creatures vanquished.

Vanquished Creatures (others)
  3 withered plants (D:1)
3 creatures vanquished.

Grand Total: 69 creatures vanquished

Table legend:
 A = Non-vault XP
 B = Vault XP
 C = Vault XP percentage of total XP
 D = Non-vault monster count
 E = Vault monster count
 F = Vault count percentage of total count
                 A         B        C        D         E       F
            +---------+---------+-------+---------+---------+-------
      Total |     260 |      30 |  10.3 |      61 |       5 |   7.6
            +---------+---------+-------+---------+---------+-------
        D:1 |      43 |       0 |   0.0 |      23 |       0 |   0.0
        D:2 |     102 |      28 |  21.5 |      21 |       3 |  12.5
        D:3 |     108 |       2 |   1.8 |      14 |       2 |  12.5
        D:4 |       7 |       0 |   0.0 |       3 |       0 |   0.0
            +---------+---------+-------+---------+---------+-------

Illustrated notes

Table legend:
 A = Kills in this place as a percentage of kills in entire the game.
 B = Kills by you in this place as a percentage of kills by you in the entire game.
 C = Kills by friends in this place as a percentage of kills by friends in the entire game.
 D = Other kills in this place as a percentage of other kills in the entire game.
 E = Experience gained in this place as a percentage of experience gained in the entire game.
 F = Experience gained in this place divided by the number of levels of this place that you have seen.
                   A       B       C       D       E      F
               +-------+-------+-------+-------+-------+----------------------
         Total | 100.0 | 100.0 |   N/A |   N/A | 100.0 |  72.5
       Dungeon | 100.0 | 100.0 |   N/A |   N/A | 100.0 |  72.5
               +-------+-------+-------+-------+-------+----------------------

Table legend: (Time is in decaauts)
 A = Elapsed time spent in this place.
 B = Non-inter-level travel time spent in this place.
 C = Inter-level travel time spent in this place.
 D = Time resting spent in this place.
 E = Time spent auto-exploring this place.
 F = Levels seen in this place.
 G = Mean time per level.
                   A        B        C        D        E       F      G
               +--------+--------+--------+--------+--------+-----+--------+
         Total |   2620 |   2496 |    124 |    183 |   1782 |   4 |  655.0 |
       Dungeon |   2620 |   2496 |    124 |    183 |   1782 |   4 |  655.0 |
               +--------+--------+--------+--------+--------+-----+--------+

Top non-repeatable levels by time:
     D:2: 861 daAuts
     D:1: 839 daAuts
     D:3: 793 daAuts
     D:4: 125 daAuts
